 Dungeon Crawl Stone Soup version 0.29-a0-483-g69413ace17 (webtiles) character file.

Game seed: 16184631459848679919

104 porpoise the Shooter (level 4, -3/51 HPs)
             Began as a Barachi Wanderer on May 26, 2022.
             Slain by Crazy Yiuf
             ... wielding a +2 quarterstaff of chaos
              (10 damage)
             ... on level 2 of the Dungeon.
             The game lasted 00:04:47 (1465 turns).

porpoise the Shooter (Barachi Wanderer)             Turns: 1465, Time: 00:04:49

Health: -3/51      AC:  6    Str: 13    XL:     4   Next: 80%
Magic:  5/5        EV:  8    Int: 15    God:
Gold:   98         SH:  0    Dex: 11    Spells: 4/5 levels left

rFire   . . .      SeeInvis .   b - +1 dagger (speed)
rCold   . . .      Faith    .   (no shield)
rNeg    . . .      Spirit   .   d - +0 scale mail
rPois   .          Reflect  .   (no helmet)
rElec   .          Harm     .   (no cloak)
rCorr   .          Rampage  .   (no gloves)
Will    .....                   (no boots)
Stlth   ..........              (no amulet)
HPRegen 0.17/turn               (no ring)
MPRegen 0.09/turn               (no ring)

@: mighty, berserking, lethally poisoned (-3 -> -10), unable to hop, slowed,
slow
A: amphibious, slowness 1, strong legs 1, +LOS
a: Hop


You were on level 2 of the Dungeon.
You visited 1 branch of the dungeon, and saw 2 of its levels.

You collected 98 gold pieces.

Inventory:

Hand Weapons
 a - a +0 vorpal shortbow
 b - a +1 dagger of speed (weapon)
Missiles
 m - 5 poisoned darts
Armour
 d - a +0 scale mail (worn)
Scrolls
 c - 2 scrolls of silence
 e - a scroll of noise {unknown}
 f - a scroll of fear {unknown}
 g - 2 scrolls of enchant armour {unknown}
 i - a scroll of identify {unknown}
 n - a scroll of teleportation {unknown}
Potions
 l - a potion of invisibility {unknown}


   Skills:
 + Level 2.7 Fighting
 * Level 6.2 Bows
 - Level 2.4 Armour
 - Level 1.1 Spellcasting
 - Level 2.4 Ice Magic


You had 4 spell levels left.
You knew the following spells:

 Your Spells              Type           Power      Damage    Failure   Level
a - Freeze                Ice            32%        1d5       38%         1

Your spell library contained the following spells:

 Spells                   Type           Power      Damage    Failure   Level
 Ozocubu's Armour         Ice            8%         N/A       77%         3


Dungeon Overview and Level Annotations

Branches:
Dungeon (2/15)

Altars:
Sif Muna

Annotations:
D:2 Crazy Yiuf


Innate Abilities, Weirdness & Mutations

You are amphibious.
You cover ground slowly.
You can hop short distances.
You have an extended range of vision and can be seen from far away.


Message History

You are too injured to fight recklessly!
You aren't carrying any items that you can evoke.
Unknown command.
Unknown command.
Shoot: a) +0 shortbow (vorpal)
Press: ? - help, Q - select action, (/) - cycle Shift-Dir - straight line, f - Crazy Yiuf
Aim: Crazy Yiuf, wielding a +2 quarterstaff of chaos and wearing a +0 cloak (sparse dust, 64% to hit)
Okay, then.
Unknown command.
It was a potion of might.
You feel very mighty all of a sudden.
Shoot: a) +0 shortbow (vorpal)
Press: ? - help, Q - select action, (/) - cycle Shift-Dir - straight line, f - Crazy Yiuf
Aim: Crazy Yiuf, wielding a +2 quarterstaff of chaos and wearing a +0 cloak (64% to hit)
You shoot an arrow. The arrow hits Crazy Yiuf.
Crazy Yiuf is moderately wounded.
Crazy Yiuf hits you with a +2 quarterstaff of chaos.
Crazy Yiuf burns you.
Crazy Yiuf hits you with a +2 quarterstaff of chaos.
* * * LOW HITPOINT WARNING * * *
Crazy Yiuf freezes you.
* * * LOW HITPOINT WARNING * * *
Your hands tingle!
b - a +1 dagger of speed (weapon)
Crazy Yiuf hits you with a +2 quarterstaff of chaos.
* * * LOW HITPOINT WARNING * * *
You are lethally poisoned!
It was a potion of heal wounds.
You feel much better.
You feel very sick.
Crazy Yiuf cries, "You leg down broken song, no?"
Crazy Yiuf hits you with a +2 quarterstaff of chaos.
You are electrocuted!
* * * LOW HITPOINT WARNING * * *
It was a potion of berserk rage.
A red film seems to cover your vision as you go berserk!
You feel yourself moving faster!
You feel mighty!
* * * LOW HITPOINT WARNING * * *
You feel very sick.
Crazy Yiuf hits you with a +2 quarterstaff of chaos!
You die...

#####.###...##.# #.#
##.##### #.# #.# #.# #.#
#####.####.#### ###
...........#..## ###..)#
......###......####.'...#
.###### ##......#g.##...#
.# ###...#@### ### .#
####### .# .# .# ##


You could see Crazy Yiuf.

Vanquished Creatures
  4 adders (D:2)
  A worm (D:2)
  A dart slug (D:1)
  4 bats
  7 endoplasms
  A giant cockroach (D:1)
  5 goblins
  5 hobgoblins
  4 jackals (D:2)
  8 kobolds
  4 quokkas
  5 ball pythons
  A frilled lizard (D:1)
  11 rats (D:1)
61 creatures vanquished.

Notes
Turn   | Place    | Note
-------+----------+-------------------------------------------
     0 | D:1      | porpoise the Barachi Wanderer began the quest for the Orb.
     0 | D:1      | porpoise set off with the following items: a +0 vorpal
                  | shortbow, a +0 scale mail, a scroll of silence; and the
                  | following spell memorised: Freeze; and the following spells
                  | available to memorise: Ozocubu's Armour
     0 | D:1      | Reached XP level 1. HP: 13/13 MP: 2/2
    82 | D:1      | Reached XP level 2. HP: 20/20 MP: 3/3
   133 | D:1      | Reached skill level 1 in Fighting
   311 | D:1      | Reached XP level 3. HP: 25/26 MP: 4/4
   783 | D:2      | Found a shimmering blue altar of Sif Muna.
   884 | D:2      | Reached XP level 4. HP: 33/33 MP: 5/5
   895 | D:2      | Found a faded altar of an unknown god.
   954 | D:2      | Reached skill level 6 in Bows
  1256 | D:2      | Found a runed translucent door.
  1257 | D:2      | Noticed Crazy Yiuf
  1465 | D:2      | Slain by Crazy Yiuf

Illustrated notes

Levels and vault maps discovered:
D:1:      elethiomel_arrival_diamonds, layout_basic
D:2:      layout_loops_ring, nicolae_ecumenical_lake_church, basic_altar,
          uniq_crazy_yiuf_cottage

Skill      XL: |  1  2  3  4 |
---------------+-------------+-----
Fighting       | 1 2 |  2.7
Bows           | 6 |  6.2
Armour         | |  2.4
Spellcasting   | |  1.1
Ice Magic      | |  2.4

Action                   |  1- 3 |  4- 6 || total
-------------------------+-------+-------++-------
 Fire: Shortbow          |   104 |    45 ||   149
 Abil: Hop               |       |     1 ||     1
  Use: Potion            |       |     3 ||     3
Armor: Scale mail        |    22 |     8 ||    30
Dodge: Dodged            |    26 |    11 ||    37

Table legend: (Time is in decaauts)
 A = Elapsed time spent in this place.
 B = Non-inter-level travel time spent in this place.
 C = Inter-level travel time spent in this place.
 D = Time resting spent in this place.
 E = Time spent auto-exploring this place.
 F = Levels seen in this place.
 G = Mean time per level.
                   A        B        C        D        E       F      G
               +--------+--------+--------+--------+--------+-----+--------+
         Total |   1766 |   1743 |     23 |      0 |   1383 |   2 |  883.0 |
       Dungeon |   1766 |   1743 |     23 |      0 |   1383 |   2 |  883.0 |
               +--------+--------+--------+--------+--------+-----+--------+

Top non-repeatable levels by time:
     D:1: 917 daAuts
     D:2: 849 daAuts
